MapleLeafs vs Hurricanes

Created - Friday, February 20, 2015 at 21:40

Goals
1 2 3 T
MapleLeafs 1 0 0 1
Hurricanes 0 1 1 2
Shots
1 2 3 T
MapleLeafs 9 11 10 30
Hurricanes 11 6 12 29

1st period

1. MapleLeafs , Drew Doughty 16 (Brandon Sutter) at 15:15 (SH)

Penalties :
Jarred Tinordi (Tor) for Hooking (Minor) at 15:07, Dustin Brown (Tor) for Goalie Interference (Minor) at 18:29

2nd period

2. Hurricanes , Radim Vrbata 27 (Mikhail Grabovski, Aaron Ness) at 9:57 (PP)

Penalties :
Alexander Steen (Tor) for Tripping (Minor) at 3:35, Jarred Tinordi (Tor) for Hooking (Minor) at 6:12, Jarred Tinordi (Tor) for High sticking (Minor) at 8:31

3rd period

3. Hurricanes , Jiri Hudler 23 (Radim Vrbata, Aaron Ness) at 16:01 (PP)

Penalties :
Dustin Brown (Tor) for Holding (Minor) at 15:38

Goalie Stats

Cory Schneider (Tor), 27 saves from 29 shots - (0.931), L, 30-8-9, 59:21 minutes
Brian Elliott (Car), 29 saves from 30 shots - (0.967), W, 40-6-4, 60:00 minutes

Players Stats for MapleLeafs

Player Name              G  A  P  +/- PIM S  H  SB GA TA FO     MP     PP MP  PK MP  
------------------------------------------------------------------------------------
Alexander Steen          0  0  0   0  2   5  1  1  1  0  0/0    15:38   0:00   0:10 
Brandon Sutter           0  1  1   1  0   3  3  1  1  0  11/20  18:26   0:00   6:44 
Carl Gunnarsson          0  0  0   0  0   0  1  1  1  0  0/0    13:14   0:00   0:00 
Dan Girardi              0  0  0   1  0   3  1  0  0  1  0/0    24:33   0:00   4:42 
Dominic Moore            0  0  0   0  0   1  0  0  0  0  1/1    13:05   0:00   2:51 
Drew Doughty             1  0  1   1  0   5  5  4  0  1  0/0    24:33   0:00   4:42 
Dustin Brown             0  0  0   0  4   0  2  0  2  0  0/1    14:50   0:00   0:00 
Gregory Campbell         0  0  0   1  0   0  0  1  1  0  0/0    18:26   0:00   6:44 
Jarred Tinordi           0  0  0   0  6   0  2  2  0  0  0/0    14:19   0:00   0:00 
Joe Thornton             0  0  0   0  0   2  1  0  3  0  12/18  15:26   0:00   0:00 
Karl Alzner              0  0  0   0  0   1  5  0  1  3  0/0    22:13   0:00   5:03 
Kyle Palmieri            0  0  0   0  0   1  1  0  1  0  0/0     9:07   0:00   0:00 
Lee Stempniak            0  0  0   0  0   2  0  0  3  0  0/0    11:16   0:00   0:00 
Marc-Edouard Vlasic      0  0  0   0  0   2  1  0  1  2  0/0    22:13   0:00   5:03 
Nick Foligno             0  0  0   0  0   1  1  0  0  0  0/0    13:03   0:00   0:10 
Ryan Kesler              0  0  0   0  0   1  2  0  2  2  3/10   13:49   0:00   0:00 
Zach Parise              0  0  0   0  0   2  0  0  2  1  1/1    12:53   0:00   0:00 
Zack Smith               0  0  0   0  0   1  3  1  0  0  2/4    13:05   0:00   2:51 

Players Stats for Hurricanes

Player Name              G  A  P  +/- PIM S  H  SB GA TA FO     MP     PP MP  PK MP  
------------------------------------------------------------------------------------
Aaron Ness               0  2  2  -1  0   0  3  0  0  1  0/0    22:16   4:39   0:00 
Adam Henrique            0  0  0  -1  0   1  0  1  1  0  8/14   16:30   4:16   0:00 
Brian Flynn              0  0  0   0  0   0  1  1  0  2  0/1    10:37   0:00   0:00 
Fedor Tyutin             0  0  0  -1  0   1  1  2  0  2  0/0    22:16   4:39   0:00 
Francois Beauchemin      0  0  0   0  0   1  3  1  0  2  0/0    22:58   5:06   0:00 
Jiri Hudler              1  0  1   0  0   5  1  0  3  0  0/1    20:18   5:29   0:00 
Marian Gaborik           0  0  0  -1  0   2  0  0  2  0  0/0    14:53   4:16   0:00 
Mark Arcobello           0  0  0   0  0   1  1  0  0  0  1/6    14:37   0:00   0:00 
Marty Havlat             0  0  0   0  0   8  0  0  2  0  0/0    14:37   0:00   0:00 
Mason Raymond            0  0  0  -1  0   0  2  1  3  0  0/0    23:28   4:16   0:00 
Mikhail Grabovski        0  1  1   0  0   1  0  0  0  0  11/24  19:53   5:29   0:00 
Radim Vrbata             1  1  2   0  0   2  3  0  1  0  0/1    19:53   5:29   0:00 
Robyn Regehr             0  0  0   0  0   1  1  2  0  0  0/0    14:46   0:00   0:00 
Stephen Gionta           0  0  0   0  0   0  0  0  0  0  4/7    10:37   0:00   0:00 
Thomas Hickey            0  0  0   0  0   3  3  0  0  2  0/0    22:32   5:06   0:00 
Triston Grant            0  0  0   0  0   0  0  0  0  0  0/0     0:00   0:00   0:00 
Viktor Stalberg          0  0  0   0  0   1  1  0  0  0  1/1    14:37   0:00   0:00 
Zbynek Michalek          0  0  0   0  0   2  4  3  0  0  0/0    15:12   0:00   0:00 

3 Stars

1 - Drew Doughty (Tor)
2 - Brian Elliott (Car)
3 - Radim Vrbata (Car)

Power Play

MapleLeafs - 0 on 0 Attempt(s) - 0.00%
Hurricanes - 2 on 6 Attempt(s) - 33.33%

Penalty Kill

MapleLeafs - 4 on 6 Attempt(s) - 66.67% - Score 1 goal in Penalty Kill
Hurricanes - 0 on 0 Attempt(s) - 0.00% - Score 0 goal in Penalty Kill

Team Stat

MapleLeafs - Hits : 29 - Faceoff Wins : 30 - Blocked Shots : 11 - Penalty Minutes : 12
Hurricanes - Hits : 24 - Faceoff Wins : 25 - Blocked Shots : 11 - Penalty Minutes : 0

Official

Referees : Unknown
Linesman : Unknown

Game Notes

No Game Note

Finance

Level 1 -- Attendance: 5604 (93.40%) -- Ticket Income $476,340
Level 2 -- Attendance: 5000 (100.00%) -- Ticket Income $240,000
Level 3 -- Attendance: 1977 (98.85%) -- Ticket Income $55,356
Level 4 -- Attendance: 4000 (100.00%) -- Ticket Income $52,000
Luxury Box -- Attendance: 893 (89.30%) -- Ticket Income $160,740
Game was played at the RBC Arena'
Total Attendance: 17474 (97.08%)
Total Ticket Income: $984,436
Other Income: $482,374
Total Income: $1,466,810

MapleLeafs

5 vs 5 Forward 
   Center                   Left Wing                Right Wing               Time % Phy DF OF 
 1 Joe Thornton             Alexander Steen          Dustin Brown             35     1   2  2  
 2 Ryan Kesler              Zach Parise              Nick Foligno             30     1   2  2  
 3 Brandon Sutter           Gregory Campbell         Lee Stempniak            22     1   2  2  
 4 Zack Smith               Dominic Moore            Kyle Palmieri            13     2   2  1  

5 vs 5 Defense 
   Defense                  Defense                                           Time % Phy DF OF 
 1 Drew Doughty             Dan Girardi                                       40     1   2  2  
 2 Karl Alzner              Marc-Edouard Vlasic                               35     1   2  2  
 3 Carl Gunnarsson          Jarred Tinordi                                    20     1   2  2  
 4 Drew Doughty             Dan Girardi                                       5      1   2  2  

PowerPlay Forward 
   Center                   Left Wing                Right Wing               Time % Phy DF OF 
 1 Joe Thornton             Alexander Steen          Ryan Kesler              60     1   0  4  
 2 Brandon Sutter           Zach Parise              Dustin Brown             40     1   0  4  

PowerPlay Defense
   Defense                  Defense                                           Time % Phy DF OF 
 1 Drew Doughty             Dan Girardi                                       60     1   1  3  
 2 Karl Alzner              Marc-Edouard Vlasic                               40     1   1  3  

Penalty Kill 4 Players Forward 
   Center                   Wing                     Time % Phy DF OF 
 1 Brandon Sutter           Gregory Campbell         60     1   3  1  
 2 Zack Smith               Dominic Moore            40     1   3  1  

Penalty Kill 4 Players Defense
   Defense                  Defense                  Time % Phy DF OF 
 1 Drew Doughty             Dan Girardi              50     1   3  1  
 2 Karl Alzner              Marc-Edouard Vlasic      50     1   3  1  

Penalty Kill - 3 Players Forward 
   Forward                                           Time % Phy DF OF 
 1 Brandon Sutter                                    60     1   4  0  
 2 Dominic Moore                                     40     1   4  0  

Penalty Kill - 3 Players Defense
   Defense                  Defense                  Time % Phy DF OF 
 1 Drew Doughty             Dan Girardi              55     1   4  0  
 2 Karl Alzner              Marc-Edouard Vlasic      45     1   4  0  

4 vs 4 Forward 
   Center                   Wing                     Time % Phy DF OF 
 1 Joe Thornton             Alexander Steen          60     1   1  3  
 2 Ryan Kesler              Zach Parise              40     1   1  3  

4 vs 4 Defense
   Defense                  Defense                  Time % Phy DF OF 
 1 Drew Doughty             Dan Girardi              60     1   2  2  
 2 Karl Alzner              Marc-Edouard Vlasic      40     1   2  2  

Last Minutes Offensive
   Center                   Left Wing                Right Wing               Defense                  Defense                  
   Joe Thornton             Alexander Steen          Ryan Kesler              Drew Doughty             Dan Girardi              

Last Minutes Defensive
   Center                   Left Wing                Right Wing               Defense                  Defense                  
   Joe Thornton             Alexander Steen          Ryan Kesler              Drew Doughty             Dan Girardi              

Goaltenders
Starting : Cory Schneider           
Backup : Ondrej Pavelec           

Extra Forwards
Normal : Lee Stempniak, Zack Smith, Nick Foligno - PP : Lee Stempniak, Zack Smith - PK : Nick Foligno
Extra Defensemen
Normal : Carl Gunnarsson, Jarred Tinordi, Karl Alzner - PP : Carl Gunnarsson - PK : Jarred Tinordi, Karl Alzner
Penalty Shots
Joe Thornton, Alexander Steen, Ryan Kesler, Zach Parise, Dustin Brown

Hurricanes

5 vs 5 Forward 
   Center                   Left Wing                Right Wing               Time % Phy DF OF 
 1 Mikhail Grabovski        Jiri Hudler              Radim Vrbata             28     0   2  3  
 2 Adam Henrique            Mason Raymond            Marian Gaborik           27     0   2  3  
 3 Mark Arcobello           Viktor Stalberg          Marty Havlat             25     0   2  3  
 4 Stephen Gionta           Mason Raymond            Brian Flynn              20     0   2  3  

5 vs 5 Defense 
   Defense                  Defense                                           Time % Phy DF OF 
 1 Francois Beauchemin      Thomas Hickey                                     35     0   2  3  
 2 Fedor Tyutin             Aaron Ness                                        35     0   2  3  
 3 Zbynek Michalek          Robyn Regehr                                      30     1   2  2  
 4 Francois Beauchemin      Thomas Hickey                                     0      0   2  3  

PowerPlay Forward 
   Center                   Left Wing                Right Wing               Time % Phy DF OF 
 1 Mikhail Grabovski        Jiri Hudler              Radim Vrbata             50     0   1  4  
 2 Adam Henrique            Mason Raymond            Marian Gaborik           50     0   1  4  

PowerPlay Defense
   Defense                  Defense                                           Time % Phy DF OF 
 1 Francois Beauchemin      Thomas Hickey                                     50     0   1  4  
 2 Fedor Tyutin             Aaron Ness                                        50     0   1  4  

Penalty Kill 4 Players Forward 
   Center                   Wing                     Time % Phy DF OF 
 1 Stephen Gionta           Brian Flynn              50     0   4  1  
 2 Mark Arcobello           Viktor Stalberg          50     0   4  1  

Penalty Kill 4 Players Defense
   Defense                  Defense                  Time % Phy DF OF 
 1 Zbynek Michalek          Robyn Regehr             50     1   4  0  
 2 Francois Beauchemin      Thomas Hickey            50     1   4  0  

Penalty Kill - 3 Players Forward 
   Forward                                           Time % Phy DF OF 
 1 Stephen Gionta                                    50     0   5  0  
 2 Mark Arcobello                                    50     0   5  0  

Penalty Kill - 3 Players Defense
   Defense                  Defense                  Time % Phy DF OF 
 1 Zbynek Michalek          Robyn Regehr             50     1   4  0  
 2 Francois Beauchemin      Thomas Hickey            50     1   4  0  

4 vs 4 Forward 
   Center                   Wing                     Time % Phy DF OF 
 1 Mikhail Grabovski        Radim Vrbata             50     0   2  3  
 2 Adam Henrique            Marian Gaborik           50     0   2  3  

4 vs 4 Defense
   Defense                  Defense                  Time % Phy DF OF 
 1 Francois Beauchemin      Thomas Hickey            50     0   2  3  
 2 Fedor Tyutin             Aaron Ness               50     0   2  3  

Last Minutes Offensive
   Center                   Left Wing                Right Wing               Defense                  Defense                  
   Mikhail Grabovski        Adam Henrique            Radim Vrbata             Francois Beauchemin      Fedor Tyutin             

Last Minutes Defensive
   Center                   Left Wing                Right Wing               Defense                  Defense                  
   Stephen Gionta           Adam Henrique            Brian Flynn              Zbynek Michalek          Francois Beauchemin      

Goaltenders
Starting : Brian Elliott            
Backup : Michal Neuvirth          

Extra Forwards
Normal : Adam Henrique, Radim Vrbata, Marian Gaborik - PP : Marian Gaborik, Radim Vrbata - PK : Stephen Gionta
Extra Defensemen
Normal : Francois Beauchemin, Fedor Tyutin, Thomas Hickey - PP : Francois Beauchemin - PK : Francois Beauchemin, Fedor Tyutin
Penalty Shots
Radim Vrbata, Marian Gaborik, Jiri Hudler, Mikhail Grabovski, Marty Havlat

% Time on Ice - MapleLeafs

Lines # - Real PCT - Wanted PCT - Time Play
Normal Forward
1 - 30% - 35% - 14:56
2 - 28% - 30% - 14:00
3 - 23% - 22% - 11:16
4 - 18% - 13% - 9:07
Normal Defense
1 - 37% - 40% - 18:08
2 - 35% - 35% - 17:10
3 - 27% - 20% - 13:14
4 - 2% - 5% - 0:47
PP Forward
1 - 0% - 60%
2 - 0% - 40%
PP Defense
1 - 0% - 60%
2 - 0% - 40%
PK Forward
1 - 71% - 60% - 6:54
2 - 29% - 40% - 2:51
PK Defense
1 - 48% - 50% - 4:42
2 - 52% - 50% - 5:03
PK3 Forward
1 - 0% - 60%
2 - 0% - 40%
PK3 Defense
1 - 0% - 55%
2 - 0% - 45%
44 Forward
1 - 0% - 60%
2 - 0% - 40%
44 Defense
1 - 0% - 60%
2 - 0% - 40%
Last Minute Offensive  - 0:56
Last Minute Defensive  - 0:00
Total
Forward - 60:00
Defense - 60:00

% Time on Ice - Hurricanes

Lines # - Real PCT - Wanted PCT - Time Play
Normal Forward
1 - 29% - 28% - 14:24
2 - 21% - 27% - 10:37
3 - 29% - 25% - 14:37
4 - 20% - 20% - 10:11
Normal Defense
1 - 35% - 35% - 17:26
2 - 35% - 35% - 17:37
3 - 30% - 30% - 14:46
4 - 0% - 0% - 0:00
PP Forward
1 - 56% - 50% - 5:29
2 - 44% - 50% - 4:16
PP Defense
1 - 52% - 50% - 5:06
2 - 48% - 50% - 4:39
PK Forward
1 - 0% - 50%
2 - 0% - 50%
PK Defense
1 - 0% - 50%
2 - 0% - 50%
PK3 Forward
1 - 0% - 50%
2 - 0% - 50%
PK3 Defense
1 - 0% - 50%
2 - 0% - 50%
44 Forward
1 - 0% - 50%
2 - 0% - 50%
44 Defense
1 - 0% - 50%
2 - 0% - 50%
Last Minute Offensive  - 0:00
Last Minute Defensive  - 0:26
Total
Forward - 60:00
Defense - 60:00

Play by Play

1st period


0:01 of 1st period - Mikhail Grabovski wins face-off versus Joe Thornton in neutral zone.
0:10 of 1st period - Backhand shot by Radim Vrbata.
0:10 of 1st period - Shot Misses the Net.
0:12 of 1st period - Snap shot by Radim Vrbata.
0:12 of 1st period - Shot Blocked by Drew Doughty.
0:14 of 1st period - Wrist shot by Thomas Hickey.
0:14 of 1st period - Stopped by Cory Schneider with a rebound.
0:28 of 1st period - Snap shot by Jiri Hudler.
0:28 of 1st period - Shot Misses the Net.
0:30 of 1st period - Wrist shot by Jiri Hudler.
0:30 of 1st period - Stopped by Cory Schneider without a rebound.
0:31 of 1st period - Ryan Kesler wins face-off versus Adam Henrique in MapleLeafs zone.
1:26 of 1st period - Fedor Tyutin is hit by Karl Alzner and loses puck.
1:52 of 1st period - Francois Beauchemin is hit by Karl Alzner and loses puck.
3:10 of 1st period - Slapshot by Mikhail Grabovski.
3:10 of 1st period - Shot Misses the Net.
3:25 of 1st period - Snap shot by Alexander Steen.
3:25 of 1st period - Shot Misses the Net.
3:27 of 1st period - Wrist shot by Joe Thornton.
3:27 of 1st period - Stopped by Brian Elliott with a rebound.
4:01 of 1st period - Snap shot by Stephen Gionta.
4:01 of 1st period - Deflect By Brian Flynn.
4:01 of 1st period - Shot Misses the Net.
4:01 of 1st period - Puck is out of play.
4:02 of 1st period - Adam Henrique wins face-off versus Ryan Kesler in MapleLeafs zone.
4:42 of 1st period - Zbynek Michalek is hit by Drew Doughty.
4:46 of 1st period - Drew Doughty is hit by Zbynek Michalek.
6:09 of 1st period - Mikhail Grabovski is hit by Karl Alzner and loses puck.
6:16 of 1st period - Karl Alzner is hit by Radim Vrbata and loses puck.
6:37 of 1st period - Joe Thornton is hit by Aaron Ness and loses puck.
6:44 of 1st period - Snap shot by Jiri Hudler.
6:44 of 1st period - Deflect By Marian Gaborik.
6:44 of 1st period - Shot Misses the Net.
6:44 of 1st period - Puck is out of play.
6:45 of 1st period - Joe Thornton wins face-off versus Jiri Hudler in MapleLeafs zone.
7:02 of 1st period - Snap shot by Mason Raymond.
7:02 of 1st period - Shot Misses the Net.
7:04 of 1st period - Wrist shot by Thomas Hickey.
7:04 of 1st period - Shot Blocked by Alexander Steen.
7:06 of 1st period - Wrist shot by Brian Flynn.
7:06 of 1st period - Shot Blocked by Carl Gunnarsson.
7:36 of 1st period - Snap shot by Zach Parise.
7:36 of 1st period - Stopped by Brian Elliott without a rebound.
7:37 of 1st period - Mikhail Grabovski wins face-off versus Ryan Kesler in Hurricanes zone.
7:42 of 1st period - Snap shot by Jiri Hudler.
7:42 of 1st period - Shot Misses the Net.
7:44 of 1st period - Snap shot by Zbynek Michalek.
7:44 of 1st period - Stopped by Cory Schneider with a rebound.
7:46 of 1st period - Snap shot by Robyn Regehr.
7:46 of 1st period - Shot Misses the Net.
7:48 of 1st period - Wrist shot by Robyn Regehr.
7:48 of 1st period - Deflect By Drew Doughty.
7:48 of 1st period - Stopped by Cory Schneider with a rebound.
7:50 of 1st period - Snap shot by Mikhail Grabovski.
7:50 of 1st period - Stopped by Cory Schneider without a rebound.
7:51 of 1st period - Dominic Moore wins face-off versus Mikhail Grabovski in MapleLeafs zone.
8:28 of 1st period - Wrist shot by Marty Havlat.
8:28 of 1st period - Deflect By Viktor Stalberg.
8:28 of 1st period - Stopped by Cory Schneider with a rebound.
8:30 of 1st period - Wrist shot by Mark Arcobello.
8:30 of 1st period - Shot Misses the Net.
8:56 of 1st period - Icing by Ryan Kesler.
8:57 of 1st period - Adam Henrique wins face-off versus Ryan Kesler in MapleLeafs zone.
9:08 of 1st period - Adam Henrique is hit by Nick Foligno and loses puck.
9:21 of 1st period - Wrist shot by Ryan Kesler.
9:21 of 1st period - Shot Misses the Net.
9:23 of 1st period - Snap shot by Nick Foligno.
9:23 of 1st period - Deflect By Ryan Kesler.
9:23 of 1st period - Shot Misses the Net.
9:23 of 1st period - Puck is out of play.
9:24 of 1st period - Joe Thornton wins face-off versus Mikhail Grabovski in Hurricanes zone.
9:25 of 1st period - Snap shot by Alexander Steen.
9:25 of 1st period - Stopped by Brian Elliott with a rebound.
9:27 of 1st period - Snap shot by Alexander Steen.
9:27 of 1st period - Deflect By Joe Thornton.
9:27 of 1st period - Shot Misses the Net.
9:27 of 1st period - Puck is out of play.
9:28 of 1st period - Mikhail Grabovski wins face-off versus Joe Thornton in Hurricanes zone.
10:38 of 1st period - Fedor Tyutin is hit by Brandon Sutter and loses puck.
10:49 of 1st period - Wrist shot by Marty Havlat.
10:49 of 1st period - Stopped by Cory Schneider with a rebound.
11:51 of 1st period - Slapshot by Kyle Palmieri.
11:51 of 1st period - Shot Misses the Net.
11:53 of 1st period - Slapshot by Karl Alzner.
11:53 of 1st period - Stopped by Brian Elliott with a rebound.
11:55 of 1st period - Wrist shot by Dominic Moore.
11:55 of 1st period - Shot Blocked by Brian Flynn.
11:57 of 1st period - Wrist shot by Zack Smith.
11:57 of 1st period - Stopped by Brian Elliott with a rebound.
12:10 of 1st period - Snap shot by Kyle Palmieri.
12:10 of 1st period - Shot Misses the Net.
12:12 of 1st period - Wrist shot by Kyle Palmieri.
12:12 of 1st period - Stopped by Brian Elliott without a rebound.
12:13 of 1st period - Joe Thornton wins face-off versus Mikhail Grabovski in Hurricanes zone.
12:59 of 1st period - Snap shot by Marty Havlat.
12:59 of 1st period - Stopped by Cory Schneider without a rebound.
13:00 of 1st period - Ryan Kesler wins face-off versus Mark Arcobello in MapleLeafs zone.
13:00 of 1st period - Ryan Kesler is hit by Zbynek Michalek.
13:47 of 1st period - Wrist shot by Jiri Hudler.
13:47 of 1st period - Stopped by Cory Schneider without a rebound.
13:48 of 1st period - Brandon Sutter wins face-off versus Mikhail Grabovski in MapleLeafs zone.
14:46 of 1st period - Zbynek Michalek is hit by Dustin Brown and loses puck.
15:07 of 1st period - Minor Penalty to Jarred Tinordi for Hooking.
15:08 of 1st period - Brandon Sutter wins face-off versus Adam Henrique in MapleLeafs zone.
15:13 of 1st period - Slapshot by Drew Doughty.
15:13 of 1st period - Shot Blocked by Adam Henrique.
15:15 of 1st period - Slapshot by Drew Doughty.
15:15 of 1st period - Goal by Drew Doughty - MapleLeafs : 1 - Hurricanes : 0.
15:16 of 1st period - Brandon Sutter wins face-off versus Mikhail Grabovski in neutral zone.
15:39 of 1st period - Snap shot by Radim Vrbata.
15:39 of 1st period - Stopped by Cory Schneider without a rebound.
15:40 of 1st period - Adam Henrique wins face-off versus Brandon Sutter in MapleLeafs zone.
16:03 of 1st period - Snap shot by Adam Henrique.
16:03 of 1st period - Stopped by Cory Schneider with a rebound.
16:29 of 1st period - Off-side.
16:30 of 1st period - Brandon Sutter wins face-off versus Mikhail Grabovski in neutral zone.
17:07 of 1st period - Penalty to Jarred Tinordi is over, Jarred Tinordi is back on ice.
18:29 of 1st period - Minor Penalty to Dustin Brown for Goalie Interference.
18:30 of 1st period - Mikhail Grabovski wins face-off versus Brandon Sutter in MapleLeafs zone.
18:53 of 1st period - Slapshot by Drew Doughty.
18:53 of 1st period - Stopped by Brian Elliott with a rebound.
18:55 of 1st period - Slapshot by Drew Doughty.
18:55 of 1st period - Shot Misses the Net.
19:28 of 1st period - Wrist shot by Marc-Edouard Vlasic.
19:28 of 1st period - Stopped by Brian Elliott without a rebound.
19:29 of 1st period - Adam Henrique wins face-off versus Brandon Sutter in Hurricanes zone.
Goals for this period are 1 for MapleLeafs vs 0 for Hurricanes.
Shots for this period are 9 for MapleLeafs vs 11 for Hurricanes.

2nd period


0:01 of 2nd period - Brandon Sutter wins face-off versus Adam Henrique in neutral zone.
0:29 of 2nd period - Penalty to Dustin Brown is over, Dustin Brown is back on ice.
0:57 of 2nd period - Drew Doughty is hit by Thomas Hickey and loses puck.
1:22 of 2nd period - Wrist shot by Nick Foligno.
1:22 of 2nd period - Stopped by Brian Elliott with a rebound.
1:24 of 2nd period - Slapshot by Dan Girardi.
1:24 of 2nd period - Shot Misses the Net.
1:26 of 2nd period - Slapshot by Dan Girardi.
1:26 of 2nd period - Stopped by Brian Elliott with a rebound.
1:28 of 2nd period - Slapshot by Drew Doughty.
1:28 of 2nd period - Shot Misses the Net.
1:46 of 2nd period - Mark Arcobello is hit by Drew Doughty.
1:56 of 2nd period - Zbynek Michalek is hit by Drew Doughty and loses puck.
2:07 of 2nd period - Slapshot by Marty Havlat.
2:07 of 2nd period - Stopped by Cory Schneider without a rebound.
2:08 of 2nd period - Zack Smith wins face-off versus Stephen Gionta in MapleLeafs zone.
2:08 of 2nd period - Zack Smith is hit by Zbynek Michalek.
2:39 of 2nd period - Slapshot by Zack Smith.
2:39 of 2nd period - Shot Blocked by Zbynek Michalek.
3:03 of 2nd period - Wrist shot by Marty Havlat.
3:03 of 2nd period - Deflect By Brandon Sutter.
3:03 of 2nd period - Shot Misses the Net.
3:03 of 2nd period - Puck is out of play.
3:04 of 2nd period - Brandon Sutter wins face-off versus Mark Arcobello in MapleLeafs zone.
3:21 of 2nd period - Snap shot by Brandon Sutter.
3:21 of 2nd period - Stopped by Brian Elliott with a rebound.
3:29 of 2nd period - Snap shot by Marty Havlat.
3:29 of 2nd period - Stopped by Cory Schneider with a rebound.
3:31 of 2nd period - Slapshot by Thomas Hickey.
3:31 of 2nd period - Stopped by Cory Schneider without a rebound.
3:32 of 2nd period - Joe Thornton wins face-off versus Mikhail Grabovski in MapleLeafs zone.
3:32 of 2nd period - Joe Thornton is hit by Jiri Hudler.
3:35 of 2nd period - Minor Penalty to Alexander Steen for Tripping.
3:36 of 2nd period - Mikhail Grabovski wins face-off versus Brandon Sutter in MapleLeafs zone.
4:28 of 2nd period - Fedor Tyutin is hit by Zack Smith and loses puck.
4:47 of 2nd period - Mason Raymond is hit by Brandon Sutter and loses puck.
5:21 of 2nd period - Thomas Hickey is hit by Zack Smith and loses puck.
5:35 of 2nd period - Penalty to Alexander Steen is over, Alexander Steen is back on ice.
5:56 of 2nd period - Slapshot by Alexander Steen.
5:56 of 2nd period - Shot Misses the Net.
6:12 of 2nd period - Minor Penalty to Jarred Tinordi for Hooking.
6:13 of 2nd period - Brandon Sutter wins face-off versus Radim Vrbata in MapleLeafs zone.
6:48 of 2nd period - Wrist shot by Marian Gaborik.
6:48 of 2nd period - Stopped by Cory Schneider without a rebound.
6:49 of 2nd period - Adam Henrique wins face-off versus Zack Smith in MapleLeafs zone.
7:40 of 2nd period - Dan Girardi is hit by Mason Raymond and loses puck.
8:12 of 2nd period - Penalty to Jarred Tinordi is over, Jarred Tinordi is back on ice.
8:12 of 2nd period - Off-side.
8:13 of 2nd period - Adam Henrique wins face-off versus Joe Thornton in neutral zone.
8:31 of 2nd period - Minor Penalty to Jarred Tinordi for High sticking.
8:32 of 2nd period - Mikhail Grabovski wins face-off versus Zack Smith in MapleLeafs zone.
8:33 of 2nd period - Snap shot by Radim Vrbata.
8:33 of 2nd period - Shot Misses the Net.
9:32 of 2nd period - Slapshot by Drew Doughty.
9:32 of 2nd period - Stopped by Brian Elliott without a rebound.
9:33 of 2nd period - Mikhail Grabovski wins face-off versus Brandon Sutter in Hurricanes zone.
9:35 of 2nd period - Icing by Radim Vrbata.
9:36 of 2nd period - Mikhail Grabovski wins face-off versus Brandon Sutter in Hurricanes zone.
9:51 of 2nd period - Backhand shot by Radim Vrbata.
9:51 of 2nd period - Shot Blocked by Drew Doughty.
9:53 of 2nd period - Snap shot by Mikhail Grabovski.
9:53 of 2nd period - Shot Misses the Net.
9:55 of 2nd period - Slapshot by Radim Vrbata.
9:55 of 2nd period - Shot Blocked by Brandon Sutter.
9:57 of 2nd period - Wrist shot by Radim Vrbata.
9:57 of 2nd period - Goal by Radim Vrbata - MapleLeafs : 1 - Hurricanes : 1.
9:58 of 2nd period - Joe Thornton wins face-off versus Mark Arcobello in neutral zone.
11:04 of 2nd period - Brian Flynn is hit by Drew Doughty and loses puck.
11:57 of 2nd period - Jiri Hudler is hit by Karl Alzner and loses puck.
12:14 of 2nd period - Dominic Moore is hit by Zbynek Michalek and loses puck.
13:28 of 2nd period - Icing by Brandon Sutter.
13:29 of 2nd period - Stephen Gionta wins face-off versus Ryan Kesler in MapleLeafs zone.
13:44 of 2nd period - Slapshot by Mason Raymond.
13:44 of 2nd period - Shot Misses the Net.
14:53 of 2nd period - Mikhail Grabovski is hit by Zack Smith and loses puck.
15:18 of 2nd period - Snap shot by Dominic Moore.
15:18 of 2nd period - Stopped by Brian Elliott with a rebound.
15:36 of 2nd period - Snap shot by Marian Gaborik.
15:36 of 2nd period - Stopped by Cory Schneider without a rebound.
15:37 of 2nd period - Brandon Sutter wins face-off versus Adam Henrique in MapleLeafs zone.
15:42 of 2nd period - Snap shot by Lee Stempniak.
15:42 of 2nd period - Shot Blocked by Robyn Regehr.
15:44 of 2nd period - Slapshot by Drew Doughty.
15:44 of 2nd period - Deflect By Brandon Sutter.
15:44 of 2nd period - Shot Blocked by Zbynek Michalek.
15:44 of 2nd period - Puck is out of play.
15:45 of 2nd period - Brandon Sutter wins face-off versus Adam Henrique in Hurricanes zone.
16:02 of 2nd period - Slapshot by Drew Doughty.
16:02 of 2nd period - Deflect By Adam Henrique.
16:02 of 2nd period - Stopped by Brian Elliott with a rebound.
16:04 of 2nd period - Slapshot by Dan Girardi.
16:04 of 2nd period - Stopped by Brian Elliott with a rebound.
16:06 of 2nd period - Snap shot by Dan Girardi.
16:06 of 2nd period - Deflect By Lee Stempniak.
16:06 of 2nd period - Shot Misses the Net.
16:06 of 2nd period - Puck is out of play.
16:07 of 2nd period - Joe Thornton wins face-off versus Mikhail Grabovski in Hurricanes zone.
16:16 of 2nd period - Mikhail Grabovski is hit by Alexander Steen and loses puck.
16:41 of 2nd period - Snap shot by Joe Thornton.
16:41 of 2nd period - Shot Blocked by Francois Beauchemin.
16:43 of 2nd period - Slapshot by Marc-Edouard Vlasic.
16:43 of 2nd period - Stopped by Brian Elliott without a rebound.
16:44 of 2nd period - Mark Arcobello wins face-off versus Ryan Kesler in Hurricanes zone.
16:50 of 2nd period - Icing by Viktor Stalberg.
16:51 of 2nd period - Zach Parise wins face-off versus Mark Arcobello in Hurricanes zone.
17:47 of 2nd period - Marc-Edouard Vlasic is hit by Fedor Tyutin and loses puck.
18:08 of 2nd period - Snap shot by Lee Stempniak.
18:08 of 2nd period - Stopped by Brian Elliott without a rebound.
18:09 of 2nd period - Joe Thornton wins face-off versus Mikhail Grabovski in Hurricanes zone.
19:00 of 2nd period - Carl Gunnarsson is hit by Mark Arcobello and loses puck.
19:05 of 2nd period - Snap shot by Marty Havlat.
19:05 of 2nd period - Shot Blocked by Zack Smith.
19:11 of 2nd period - Viktor Stalberg is hit by Kyle Palmieri and loses puck.
19:38 of 2nd period - Snap shot by Ryan Kesler.
19:38 of 2nd period - Stopped by Brian Elliott with a rebound.
19:40 of 2nd period - Slapshot by Dan Girardi.
19:40 of 2nd period - Deflect By Zbynek Michalek.
19:40 of 2nd period - Stopped by Brian Elliott without a rebound.
19:41 of 2nd period - Adam Henrique wins face-off versus Ryan Kesler in Hurricanes zone.
Goals for this period are 0 for MapleLeafs vs 1 for Hurricanes.
Shots for this period are 11 for MapleLeafs vs 6 for Hurricanes.

3rd period


0:01 of 3rd period - Joe Thornton wins face-off versus Adam Henrique in neutral zone.
0:04 of 3rd period - Snap shot by Drew Doughty.
0:04 of 3rd period - Shot Blocked by Mason Raymond.
0:06 of 3rd period - Snap shot by Alexander Steen.
0:06 of 3rd period - Stopped by Brian Elliott with a rebound.
0:22 of 3rd period - Snap shot by Alexander Steen.
0:22 of 3rd period - Stopped by Brian Elliott with a rebound.
0:24 of 3rd period - Slapshot by Drew Doughty.
0:24 of 3rd period - Stopped by Brian Elliott with a rebound.
0:26 of 3rd period - Slapshot by Dan Girardi.
0:26 of 3rd period - Deflect By Joe Thornton.
0:26 of 3rd period - Shot Misses the Net.
0:26 of 3rd period - Puck is out of play.
0:27 of 3rd period - Ryan Kesler wins face-off versus Mikhail Grabovski in Hurricanes zone.
0:45 of 3rd period - Francois Beauchemin is hit by Karl Alzner and loses puck.
0:56 of 3rd period - Jiri Hudler is hit by Marc-Edouard Vlasic and loses puck.
1:40 of 3rd period - Wrist shot by Brandon Sutter.
1:40 of 3rd period - Stopped by Brian Elliott with a rebound.
1:46 of 3rd period - Drew Doughty is hit by Brian Flynn and loses puck.
2:21 of 3rd period - Wrist shot by Marty Havlat.
2:21 of 3rd period - Stopped by Cory Schneider with a rebound.
2:29 of 3rd period - Mark Arcobello is hit by Dan Girardi and loses puck.
3:06 of 3rd period - Snap shot by Zack Smith.
3:06 of 3rd period - Shot Misses the Net.
3:08 of 3rd period - Slapshot by Carl Gunnarsson.
3:08 of 3rd period - Shot Blocked by Robyn Regehr.
4:02 of 3rd period - Marc-Edouard Vlasic is hit by Thomas Hickey and loses puck.
4:09 of 3rd period - Marc-Edouard Vlasic is hit by Francois Beauchemin and loses puck.
4:26 of 3rd period - Fedor Tyutin is hit by Brandon Sutter and loses puck.
4:37 of 3rd period - Slapshot by Marty Havlat.
4:37 of 3rd period - Stopped by Cory Schneider with a rebound.
4:43 of 3rd period - Mark Arcobello is hit by Joe Thornton and loses puck.
4:54 of 3rd period - Snap shot by Alexander Steen.
4:54 of 3rd period - Stopped by Brian Elliott without a rebound.
4:55 of 3rd period - Zack Smith wins face-off versus Mikhail Grabovski in Hurricanes zone.
5:10 of 3rd period - Snap shot by Jiri Hudler.
5:10 of 3rd period - Stopped by Cory Schneider with a rebound.
5:12 of 3rd period - Wrist shot by Zbynek Michalek.
5:12 of 3rd period - Shot Blocked by Drew Doughty.
5:56 of 3rd period - Thomas Hickey is hit by Ryan Kesler and loses puck.
6:07 of 3rd period - Slapshot by Francois Beauchemin.
6:07 of 3rd period - Stopped by Cory Schneider without a rebound.
6:08 of 3rd period - Stephen Gionta wins face-off versus Joe Thornton in MapleLeafs zone.
6:58 of 3rd period - Snap shot by Lee Stempniak.
6:58 of 3rd period - Stopped by Brian Elliott without a rebound.
6:59 of 3rd period - Brandon Sutter wins face-off versus Mikhail Grabovski in Hurricanes zone.
7:04 of 3rd period - Wrist shot by Brandon Sutter.
7:04 of 3rd period - Stopped by Brian Elliott without a rebound.
7:05 of 3rd period - Mikhail Grabovski wins face-off versus Brandon Sutter in Hurricanes zone.
7:05 of 3rd period - Mikhail Grabovski is hit by Carl Gunnarsson.
7:52 of 3rd period - Jarred Tinordi is hit by Francois Beauchemin and loses puck.
8:09 of 3rd period - Snap shot by Marty Havlat.
8:09 of 3rd period - Shot Blocked by Jarred Tinordi.
8:15 of 3rd period - Robyn Regehr is hit by Jarred Tinordi.
8:27 of 3rd period - Wrist shot by Marty Havlat.
8:27 of 3rd period - Stopped by Cory Schneider with a rebound.
8:29 of 3rd period - Snap shot by Fedor Tyutin.
8:29 of 3rd period - Shot Blocked by Jarred Tinordi.
8:31 of 3rd period - Slapshot by Fedor Tyutin.
8:31 of 3rd period - Shot Misses the Net.
8:33 of 3rd period - Slapshot by Fedor Tyutin.
8:33 of 3rd period - Shot Misses the Net.
8:35 of 3rd period - Backhand shot by Fedor Tyutin.
8:35 of 3rd period - Deflect By Carl Gunnarsson.
8:35 of 3rd period - Stopped by Cory Schneider with a rebound.
8:37 of 3rd period - Snap shot by Mark Arcobello.
8:37 of 3rd period - Stopped by Cory Schneider with a rebound.
8:49 of 3rd period - Nick Foligno is hit by Aaron Ness and loses puck.
8:56 of 3rd period - Jarred Tinordi is hit by Aaron Ness and loses puck.
9:08 of 3rd period - Off-side.
9:09 of 3rd period - Joe Thornton wins face-off versus Stephen Gionta in neutral zone.
9:32 of 3rd period - Snap shot by Alexander Steen.
9:32 of 3rd period - Stopped by Brian Elliott with a rebound.
9:34 of 3rd period - Wrist shot by Drew Doughty.
9:34 of 3rd period - Deflect By Joe Thornton.
9:34 of 3rd period - Shot Blocked by Zbynek Michalek.
9:34 of 3rd period - Puck is out of play.
9:35 of 3rd period - Mikhail Grabovski wins face-off versus Brandon Sutter in Hurricanes zone.
9:42 of 3rd period - Snap shot by Radim Vrbata.
9:42 of 3rd period - Shot Misses the Net.
9:44 of 3rd period - Slapshot by Francois Beauchemin.
9:44 of 3rd period - Shot Misses the Net.
9:46 of 3rd period - Snap shot by Francois Beauchemin.
9:46 of 3rd period - Shot Misses the Net.
9:48 of 3rd period - Snap shot by Thomas Hickey.
9:48 of 3rd period - Stopped by Cory Schneider with a rebound.
10:46 of 3rd period - Drew Doughty is hit by Francois Beauchemin and loses puck.
11:08 of 3rd period - Off-side.
11:09 of 3rd period - Stephen Gionta wins face-off versus Dustin Brown in neutral zone.
11:44 of 3rd period - Fedor Tyutin is hit by Dustin Brown and loses puck.
12:00 of 3rd period - Slapshot by Drew Doughty.
12:00 of 3rd period - Shot Misses the Net.
12:02 of 3rd period - Backhand shot by Zach Parise.
12:02 of 3rd period - Stopped by Brian Elliott with a rebound.
12:04 of 3rd period - Wrist shot by Ryan Kesler.
12:04 of 3rd period - Shot Misses the Net.
12:06 of 3rd period - Slapshot by Dan Girardi.
12:06 of 3rd period - Shot Blocked by Fedor Tyutin.
12:08 of 3rd period - Slapshot by Dan Girardi.
12:08 of 3rd period - Deflect By Ryan Kesler.
12:08 of 3rd period - Shot Blocked by Fedor Tyutin.
12:08 of 3rd period - Puck is out of play.
12:09 of 3rd period - Mikhail Grabovski wins face-off versus Ryan Kesler in Hurricanes zone.
12:09 of 3rd period - Mikhail Grabovski is hit by Jarred Tinordi.
13:04 of 3rd period - Brandon Sutter is hit by Viktor Stalberg and loses puck.
13:09 of 3rd period - Slapshot by Marty Havlat.
13:09 of 3rd period - Stopped by Cory Schneider without a rebound.
13:10 of 3rd period - Viktor Stalberg wins face-off versus Joe Thornton in MapleLeafs zone.
14:03 of 3rd period - Kyle Palmieri is hit by Thomas Hickey and loses puck.
14:25 of 3rd period - Marc-Edouard Vlasic is hit by Mason Raymond and loses puck.
14:56 of 3rd period - Slapshot by Jiri Hudler.
14:56 of 3rd period - Stopped by Cory Schneider without a rebound.
14:57 of 3rd period - Stephen Gionta wins face-off versus Brandon Sutter in MapleLeafs zone.
15:16 of 3rd period - Wrist shot by Brian Flynn.
15:16 of 3rd period - Shot Misses the Net.
15:18 of 3rd period - Slapshot by Zbynek Michalek.
15:18 of 3rd period - Stopped by Cory Schneider without a rebound.
15:19 of 3rd period - Joe Thornton wins face-off versus Mark Arcobello in MapleLeafs zone.
15:24 of 3rd period - Mark Arcobello is hit by Drew Doughty and loses puck.
15:38 of 3rd period - Minor Penalty to Dustin Brown for Holding.
15:39 of 3rd period - Brandon Sutter wins face-off versus Mikhail Grabovski in MapleLeafs zone.
16:01 of 3rd period - Slapshot by Jiri Hudler.
16:01 of 3rd period - Goal by Jiri Hudler - MapleLeafs : 1 - Hurricanes : 2.
16:02 of 3rd period - Adam Henrique wins face-off versus Joe Thornton in neutral zone.
17:40 of 3rd period - Marc-Edouard Vlasic is hit by Radim Vrbata and loses puck.
17:49 of 3rd period - Karl Alzner is hit by Radim Vrbata and loses puck.
18:00 of 3rd period - Wrist shot by Radim Vrbata.
18:00 of 3rd period - Shot Blocked by Gregory Campbell.
18:37 of 3rd period - Dan Girardi is hit by Robyn Regehr and loses puck.
19:12 of 3rd period - Slapshot by Francois Beauchemin.
19:12 of 3rd period - Shot Blocked by Drew Doughty.
19:18 of 3rd period - Thomas Hickey is hit by Ryan Kesler and loses puck.
19:21 of 3rd period - MapleLeafs, Cory Schneider is pulled from the net.
19:33 of 3rd period - Snap shot by Joe Thornton.
19:33 of 3rd period - Stopped by Brian Elliott without a rebound.
19:34 of 3rd period - Claude Julien call a timeout for MapleLeafs.
19:34 of 3rd period - Joe Thornton wins face-off versus Brian Flynn in Hurricanes zone.
19:46 of 3rd period - Off-side.
19:47 of 3rd period - Joe Thornton wins face-off versus Stephen Gionta in neutral zone.
Goals for this period are 0 for MapleLeafs vs 1 for Hurricanes.
Shots for this period are 10 for MapleLeafs vs 12 for Hurricanes.


Output by the SimonT Hockey Simulator (STHS) for Eric Dolegowski -- Original Page W3C XHTML 1.0 Valid
Hockey Simulator - Hockey Simulation - Hockey Manager